 Dungeon Crawl Stone Soup version 0.19.5 (webtiles) character file.

61 sankara the Insei (level 4, -2/30 HPs)
             Began as an Octopode Transmuter on Mar 26, 2017.
             Slain by a gnoll
             ... wielding a +0 spear
              (7 damage)
             ... on level 3 of the Dungeon.
             The game lasted 00:05:06 (2543 turns).

sankara the Insei (Octopode Transmuter)             Turns: 2543, Time: 00:05:06

Health: -2/30      AC:  1    Str:  9    XL:     4   Next: 7%
Magic:  7/7        EV: 13    Int: 15    God:
Gold:   112        SH:  0    Dex: 13    Spells: 3 memorised, 1 level left

rFire  . . .     SeeInvis .       - Unarmed
rCold  . . .     Gourm    .     (no shield)
rNeg   . . .     Faith    .     (helmet restricted)
rPois  .         Spirit   .     (no amulet)
rElec  .         Reflect  .     d - ring of resist corrosion
rCorr  +         Harm     .     (no ring)
MR     .....                    (no ring)
Stlth  ++........               (no ring)
                                (no ring)
                                (no ring)
                                (no ring)
                                (no ring)

@: appendage (expiring)
A: almost no armour, stealthy swim, amphibious, 8 rings, constrict 8, tentacle
spike 3, camouflage 1, gelatinous body 1
a: End Transformation


You were on level 3 of the Dungeon.
You were not hungry.
One of your tentacles had a temporary spike.
You visited 1 branch of the dungeon, and saw 3 of its levels.

You collected 112 gold pieces.

Inventory:

Missiles
 a - 20 arrows
Jewellery
 d - a ring of resist corrosion (left tentacle)
Scrolls
 e - a scroll of identify {unknown}
 f - a scroll of noise {unknown}
 i - a scroll of remove curse {unknown}
 j - a scroll of magic mapping {unknown}
 n - a scroll of random uselessness {unknown}
 q - 2 scrolls of teleportation {unknown}
 s - a scroll of enchant armour {unknown}
 t - a scroll of fog {unknown}
 u - 2 scrolls of recharging {unknown}
Potions
 g - 2 potions of haste {unknown}
 l - a potion of resistance {unknown}
 m - a potion of flight {unknown}
 r - a potion of might {unknown}
Books
 b - a book of Changes

   Spells                             Type                      Level
   a - Beastly Appendage              Transmutation                1
   b - Sticks to Snakes               Transmutation                2
   c - Spider Form                    Transmutation/Poison         3
   d - Ice Form                       Ice/Transmutation            4
   e - Blade Hands                    Transmutation                5
Comestibles
 c - 2 bread rations
 h - a slice of pizza
 k - 4 fruits
 o - 2 meat rations
 p - a chunk of flesh


   Skills:
 + Level 2.4 Fighting
 - Level 2.0 Dodging
 + Level 3.6 Unarmed Combat
 - Level 2.0 Spellcasting
 * Level 2.8 Transmutations


You had one spell level left.
You knew the following spells:

 Your Spells              Type           Power        Failure   Level  Hunger
a - Beastly Appendage     Tmut           ##....       10%         1    #......
b - Sticks to Snakes      Tmut           ##......     12%         2    ###....
c - Spider Form           Tmut/Pois      #.........   43%         3    ###....


Dungeon Overview and Level Annotations

Branches:
Dungeon (3/15)

Altars:


Innate Abilities, Weirdness & Mutations

You cannot wear most types of armour.
You are very stealthy in the water. (Stealth+)
You are amphibious.
You can wear up to eight rings at the same time.
You can use your tentacles to constrict eight enemies at once.
Your skin changes colour to match your surroundings (Stealth+).
Your rubbery body absorbs attacks. (AC +1, EV +1)
One of your tentacles bears a large vicious spike.


Message History

The gnoll shouts! x2
A gnoll comes into view. It is wielding a whip.
The gnoll shouts!
A kobold comes into view.
The gnoll hits you with a spear.
The gnoll hits you from afar with a spear!
You barely miss the gnoll.
The kobold shouts!
You grab the gnoll. You constrict the gnoll.
The gnoll hits you from afar with a spear!
* * * LOW HITPOINT WARNING * * *
The gnoll barely misses you. The gnoll misses you.
You are too injured to fight recklessly!
You release your grip on the gnoll.
Your transformation is almost over.
The gnoll hits you from afar with a spear.
* * * LOW HITPOINT WARNING * * *
There is a stone staircase leading up here.
The gnoll hits you from afar with a spear!
You die...

#># ### #.# #.# #.#
##.# #########
#######..####@.......
.........Kgg...######
.........g.g........
####################


You could see 4 gnolls and a kobold.

Vanquished Creatures
  A worm (D:2)
  A dart slug (D:1)
  2 leopard geckos
  4 ball pythons
  4 giant cockroaches
  8 goblins
  3 hobgoblins
  4 jackals
  10 kobolds
  A quokka (D:2)
  4 bats
  4 frilled lizards
  4 rats
50 creatures vanquished.

Notes
Turn   | Place    | Note
-------+----------+-------------------------------------------
     0 | D:1      | sankara the Octopode Transmuter began the quest for the Orb.
     0 | D:1      | Reached XP level 1. HP: 13/13 MP: 3/3
   300 | D:1      | Reached XP level 2. HP: 18/18 MP: 5/5
   304 | D:1      | Learned a level 2 spell: Sticks to Snakes
   762 | D:1      | Reached XP level 3. HP: 22/24 MP: 6/6
   816 | D:1      | Learned a level 3 spell: Spider Form
  2408 | D:2      | Reached XP level 4. HP: 30/30 MP: 7/7
  2543 | D:3      | Slain by a gnoll

Skill      XL: |  1  2  3 |
---------------+----------+-----
Fighting       | 2 |  2.4
Dodging        | |  2.0
Unarmed Combat | |  3.6
Spellcasting   | |  2.0
Transmutations | |  2.8

Action                   |  1- 3 |  4- 6 || total
-------------------------+-------+-------++-------
Melee: Unarmed           |    98 |     8 ||   106
       Constrict         |    28 |     3 ||    31
       Tentacles         |    12 |     2 ||    14
       Punch             |     4 |       ||     4
       Kick              |     4 |       ||     4
 Cast: Beastly Appendage |     4 |     1 ||     5
 Stab: Sleeping          |    10 |       ||    10
       Distracted        |     1 |       ||     1
  Eat: Chunk             |     5 |       ||     5
Armor: Skin              |     5 |       ||     5
Dodge: Dodged            |    53 |     4 ||    57
